 Dungeon Crawl Stone Soup version 0.31-a0-198-g2ad674f65e (webtiles) character file.

Game seed: 5888400670885176627

103 qw the Shooter (level 4, 0/25 HPs)
             Began as a Deep Elf Hunter on June 25, 2023.
             Slain by Grinder (5 damage)
             ... on level 3 of the Dungeon.
             The game lasted 00:00:36 (1732 turns).

qw the Shooter (Deep Elf Hunter)                    Turns: 1732, Time: 00:00:37

Health: 0/25       AC:  7    Str: 10    XL:     4   Next: 51%
Magic:  6/6        EV: 13    Int: 14    God:
Gold:   156        SH:  0    Dex: 24    Spells: 3/3 levels left

rFire   . . .        Y - +1 shortbow
rCold   . . .        (shield currently unavailable)
rNeg    . . .        a - +3 leather armour "Qanu" {rElec}
rPois   .            (no helmet)
rElec   +            (no cloak)
rCorr   .            c - +0 pair of gloves
SInv    .            (no boots)
Will    .....        l - amulet of the acrobat
Stlth   ++           b - +6 ring of dexterity
HPRegen 0.24/turn    (no ring)
MPRegen 0.10/turn

%: acrobat
@: no status effects
A: no striking features
a: no special abilities


You were on level 3 of the Dungeon.
You visited 1 branch of the dungeon, and saw 3 of its levels.

You collected 156 gold pieces.


   Skills:
 - Level 1.5 Fighting
 + Level 7.7 Ranged Weapons
 - Level 3.0 Dodging
 - Level 1.2 Stealth


You had 3 spell levels left.
You didn't know any spells.
Your spell library was empty.

Inventory:

Hand Weapons
 Y - a +1 shortbow (weapon)
Armour
 a - the +3 leather armour "Qanu" (worn) {rElec}
   (You found it on level 2 of the Dungeon)

   rElec:     It insulates you from electricity.
 c - a +0 pair of gloves (worn)
Jewellery
 b - a +6 ring of dexterity (left hand)
 l - an amulet of the acrobat (around neck)
Scrolls
 d - a scroll of teleportation
 i - 3 scrolls of identify
Potions
 e - 2 potions of curing
 f - 2 potions of might {unknown}
 m - a potion of enlightenment

Dungeon Overview and Level Annotations

Branches:
Dungeon (3/15)

Altars:

Annotations:
D:3 Grinder


Message History

You shoot an arrow.
The arrow closely misses the frilled lizard.
The frilled lizard hisses angrily.
You shoot an arrow.
The arrow hits the frilled lizard but does no damage.
A goblin comes into view. It is wielding a +0 club.
You shoot an arrow. The goblin shouts!
The arrow hits the frilled lizard.
You kill the frilled lizard!
Enter note:
Enter note: You shoot an arrow.
The arrow hits the goblin.
The goblin is moderately wounded.
You shoot an arrow. The arrow hits the goblin!
You kill the goblin!
Grinder says, "Tell me all your secrets, or I'll kill you."
Grinder blinks!
You shoot an arrow. The arrow closely misses Grinder.
A frilled lizard comes into view.
Grinder hits you but does no damage.
You shoot an arrow. The frilled lizard hisses angrily.
The arrow hits Grinder!
Grinder is lightly wounded.
Grinder closely misses you.
You shoot an arrow. The arrow closely misses Grinder.
Grinder barely misses you.
You shoot an arrow. The arrow hits Grinder.
Grinder is moderately wounded.
Grinder closely misses you.
You shoot an arrow. The arrow closely misses Grinder.
Grinder hits you.
You shoot an arrow. The arrow closely misses Grinder.
Grinder gestures at you. Pain shoots through your body!
You shoot an arrow. The arrow hits Grinder!
Grinder is heavily wounded.
Grinder hits you!
You writhe in agony.
You die...

.........> ..........
...#..... ......##...
...##.# #..## ...# .#
#...# ### ...##.#
#...####.# ....#.#
#........#
###.#.#####.##..@###
###...#......#..5l)##
....#.#....#..........
.####.#.........#.#.%...
## #..#....####.#.###...
#.##....# #.#.. .. #
#.##....# #.#### . ##
#.###.######.#
.###.###......#.#


You could see Grinder and a frilled lizard.

Vanquished Creatures
  5 adders
  A worm (D:2)
  A dart slug (D:3)
  7 endoplasms
  4 giant cockroaches
  4 goblins
  4 hobgoblins
  4 jackals (D:2)
  3 kobolds
  2 quokkas
  4 ball pythons
  4 bats
  3 frilled lizards
  6 rats
52 creatures vanquished.

Notes
Turn   | Place    | Note
-------+----------+-------------------------------------------
     0 | D:1      | qw the Deep Elf Hunter began the quest for the Orb.
     0 | D:1      | Reached XP level 1. HP: 12/12 MP: 3/3
     0 | D:1      | 0 ||| qw: Version: 0.3-a-22-g0ed2b0b
     0 | D:1      | 0 ||| qw: Game counter: 4889
     0 | D:1      | 0 ||| qw: Melee chars always use a shield: true
     0 | D:1      | 0 ||| qw: God list: Okawaru
     0 | D:1      | 0 ||| qw: Allow faded altars: false
     0 | D:1      | 0 ||| qw: Do Orc after clearing Dungeon:15 true
     0 | D:1      | 0 ||| qw: Do second Lair branch before Depths: true
     0 | D:1      | 0 ||| qw: Lair rune preference: random
     0 | D:1      | 0 ||| qw: Goals: Normal
     0 | D:1      | 0 ||| PLANNING D:1-11
   119 | D:1      | Reached XP level 2. HP: 16/16 MP: 4/4
   144 | D:1      | Reached skill level 6 in Ranged Weapons
   479 | D:1      | 479 ||| UPGRADING to +0 ring mail.
   489 | D:1      | 489 ||| DROPPING +0 leather armour.
   490 | D:1      | 490 ||| UPGRADING to amulet of the acrobat.
   495 | D:1      | 495 ||| DROPPING +6 ring of intelligence.
   496 | D:1      | 496 ||| READING scroll labelled DALLY UTOEDWEO.
   497 | D:1      | 497 ||| READING 2 scrolls labelled CATOMM FIENO.
   498 | D:1      | 498 ||| READING scroll labelled PYEXKA AWAE.
   499 | D:1      | 499 ||| READING scroll labelled ETY TUTEWNIE.
   502 | D:1      | 502 ||| DROPPING scroll of butterflies.
   559 | D:2      | Reached XP level 3. HP: 20/20 MP: 5/5
   580 | D:2      | Identified the +3 leather armour "Qanu" {rElec}
   830 | D:2      | Reached skill level 7 in Ranged Weapons
   833 | D:2      | HP: 5/20 [poisoned by an adder]
  1189 | D:2      | Reached XP level 4. HP: 25/25 MP: 6/6
  1549 | D:2      | 1549 ||| UPGRADING to +3 leather armour "Qanu" {rElec}.
  1559 | D:2      | 1559 ||| UPGRADING to +0 pair of gloves.
  1564 | D:2      | 1564 ||| DROPPING +0 ring mail.
  1565 | D:2      | 1565 ||| UPGRADING to +6 ring of dexterity.
  1566 | D:2      | 1566 ||| DRINKING 3 bubbling red potions.
  1567 | D:2      | 1567 ||| DRINKING 2 blue potions.
  1568 | D:2      | 1568 ||| READING 2 scrolls of identify.
  1568 | D:2      | 1568 ||| IDENTIFYING ruby potion
  1569 | D:2      | 1569 ||| DROPPING 2 potions of attraction.
  1704 | D:3      | Reached skill level 3 in Dodging
  1718 | D:3      | Noticed Grinder
  1732 | D:3      | HP: 5/25 [Grinder (9)]
  1732 | D:3      | Slain by Grinder

Levels and vault maps discovered:
D:1:      lemuel_arrival_broad_hall, layout_basic
D:2:      layout_basic
D:3:      layout_rooms, minmay_joined_circles, uniq_grinder

Skill      XL: |  1  2  3  4 |
---------------+-------------+-----
Ranged Weapons | 6 7 |  7.7
Dodging        | 3 |  3.0
Fighting       | |  1.5
Stealth        | |  1.2

Action                     |  1- 3 |  4- 6 || total
---------------------------+-------+-------++-------
   Fire: Shortbow          |    60 |    60 ||   120
    Use: Scroll            |     4 |     1 ||     5
         Potion            |       |     2 ||     2
 Armour: Ring mail         |     6 |     4 ||    10
         Leather armour    |       |     3 ||     3
  Dodge: Dodged            |     8 |    14 ||    22

Table legend:
 A = Non-vault XP
 B = Vault XP
 C = Vault XP percentage of total XP
 D = Non-vault monster count
 E = Vault monster count
 F = Vault count percentage of total count
                 A         B        C        D         E       F
            +---------+---------+-------+---------+---------+-------
      Total |     148 |       0 |   0.0 |      52 |       0 |   0.0
            +---------+---------+-------+---------+---------+-------
        D:1 |      26 |       0 |   0.0 |      16 |       0 |   0.0
        D:2 |      94 |       0 |   0.0 |      27 |       0 |   0.0
        D:3 |      28 |       0 |   0.0 |       9 |       0 |   0.0
            +---------+---------+-------+---------+---------+-------
